 Dungeon Crawl Stone Soup version 0.30-a0-1016-gfb0d676c02 (webtiles) character file.

Game seed: 11087684545495008514

82 cheesebisquit the Ducker (level 4, -1/33 HPs)
             Began as a Merfolk Hexslinger on Apr 6, 2023.
             Slain by Natasha (5 damage)
             ... on level 2 of the Dungeon.
             The game lasted 00:10:43 (2230 turns).

cheesebisquit the Ducker (Merfolk Hexslinger)       Turns: 2230, Time: 00:10:44

Health: -1/33      AC:  5    Str: 10    XL:     4   Next: 43%
Magic:  11/15      EV: 18    Int: 14    God:
Gold:   27         SH:  0    Dex: 14    Spells: 2/6 levels left

rFire   . . .      SeeInvis .    a - +1 sling
rCold   . . .      Faith    .    (no shield)
rNeg    . . .      Spirit   .    c - +0 robe
rPois   .          Reflect  .    (no helmet)
rElec   .          Rampage  .    g - +0 cloak
rCorr   .                        (no gloves)
Will    +....                    (no boots)
Stlth   ++                       (no amulet)
HPRegen 0.25/turn                d - +5 ring of evasion
MPRegen 0.14/turn                i - ring of magical power

@: no status effects
A: (nimble swimmer 2), mertail, iridescent scales 1, strong-willed 1
a: no special abilities


You were on level 2 of the Dungeon.
You visited 1 branch of the dungeon, and saw 3 of its levels.

You collected 27 gold pieces.

Inventory:

Hand Weapons
 a - a +1 sling (weapon)
 f - a +1 dagger of protection
Armour
 c - a +0 robe (worn)
 g - a +0 cloak (worn)
 n - an orb of guile
Jewellery
 d - a +5 ring of evasion (left hand)
 i - a ring of magical power (right hand)
 m - a ring of see invisible
Scrolls
 b - a scroll of poison
 e - a scroll of enchant weapon {unknown}
 h - a scroll of noise {unknown}
 j - a scroll of immolation {unknown}
 k - a scroll of acquirement {unknown}
 o - a scroll of enchant armour {unknown}


   Skills:
 + Level 2.1 Fighting
 + Level 2.0 Ranged Weapons
 + Level 3.5 Dodging
 + Level 1.5 Stealth
 + Level 1.6 Spellcasting
 + Level 3.3 Hexes


You had 2 spell levels left.
You knew the following spells:

 Your Spells              Type           Power      Damage    Failure   Level
a - Slow                  Hex            40%        N/A       6%          1
b - Inner Flame           Hex/Fire       5%         N/A       36%         3

Your spell library contained the following spells:

 Spells                   Type           Power      Damage    Failure   Level
 Apportation              Tloc           2%         N/A       24%         1
 Necrotise                Necr           4%         1d4       24%         1
 Summon Small Mammal      Summ           4%         N/A       24%         1
 Portal Projectile        Hex/Tloc       10%        N/A       36%         3
 Cause Fear               Hex            5%         N/A       52%         4


Dungeon Overview and Level Annotations

Branches:
Dungeon (3/15)

Altars:
Qazlal

Annotations:
D:2 Natasha


Innate Abilities, Weirdness & Mutations

((You are very nimble when in or above water. (Stealth+, EV+, Speed+++)))
Your lower body shifts to a powerful aquatic tail in water.
You are partially covered in iridescent scales. (AC +2)
You are strong-willed. (Will+)


Message History

The sling bullet hits Natasha but does no damage.
Natasha is lightly wounded.
Natasha completely misses you.
You shoot a sling bullet. The sling bullet hits Natasha.
Natasha is moderately wounded.
Natasha is no longer moving slowly.
Natasha casts a spell.
You are too injured to fight recklessly!
Aiming: Slow (safe; 6% risk of failure)
Press: ? - help, Q - select action, (/) - cycle Shift-Dir - straight line, f/p - Natasha
Aim: Natasha (moderately wounded, chance to affect: 44%) Natasha resists with some effort.
Natasha claws you.
Casting: Slow (safe; 6% risk of failure)
Confirm with . or Enter, or press ? or * to list all spells.
The spell is quite dangerous to miscast (36% risk of failure)!
Continue anyway?
Aiming: Inner Flame (quite dangerous; 36% risk of failure)
Press: ? - help, Dir - move target, f - crimson imp, p - Natasha
Aim: a crimson imp (summoned, chance to affect: 31%)
Okay, then.
You are too injured to fight recklessly!
Aiming: Slow (safe; 6% risk of failure)
Press: ? - help, Q - select action, (/) - cycle Shift-Dir - straight line, f/p - Natasha
Aim: Natasha (moderately wounded, chance to affect: 44%) Natasha resists with some effort.
Natasha wildly gestures.
Natasha's front paws start to glow.
Natasha claws you.
Aiming: Slow (safe; 6% risk of failure)
Press: ? - help, Q - select action, (/) - cycle Shift-Dir - straight line, f/p - Natasha
Aim: Natasha (moderately wounded, chance to affect: 44%) Natasha resists with some effort.
Natasha stares at you and mumbles some strange words.
The magic dart hits you!
* * * LOW HITPOINT WARNING * * *
It was a potion of mutation.
You feel extremely strange.
Iridescent scales grow over part of your body.
You feel strong-willed. Natasha claws you.
You die...

##...#.##.###.......## #.....##.
###....#.##.........####...####.
#.......'.........+...........
##...####.........####...####.
##...## ##...>...## #........
##.....## ##.....## ###.#####
##.......## ##.55## #.#
#...>.....# ##h## #.###
##.......### #@# #...#
#.........# #.# ###.#
#.#†..###.# ##.############.#
##.#..## #.###...##.)......#.#
#....#####.##.....#.######.#.#
#......................# #.#.#
#....#####.####.###.##.###.#.#
####.......# #.# #.##.......#
######### #.# #.######.###


You could see Natasha, a crimson imp (summoned) and a shadow imp (summoned).

Vanquished Creatures
  Natasha (D:3)
  An adder (D:2)
  An orc (D:3)
  3 bats
  7 endoplasms
  5 goblins
  3 hobgoblins
  5 kobolds
  3 quokkas
  6 ball pythons
  3 frilled lizards
  6 rats
44 creatures vanquished.

Notes
Turn   | Place    | Note
-------+----------+-------------------------------------------
     0 | D:1      | cheesebisquit the Merfolk Hexslinger began the quest for
                  | the Orb.
     0 | D:1      | Reached XP level 1. HP: 15/15 MP: 2/2
   138 | D:1      | Reached XP level 2. HP: 21/21 MP: 0/3
  1136 | D:2      | Found a stormy altar of Qazlal.
  1167 | D:2      | Reached skill level 1 in Stealth
  1167 | D:2      | Reached XP level 3. HP: 27/27 MP: 4/4
  1174 | D:2      | Learned a level 3 spell: Inner Flame
  2126 | D:3      | Noticed Natasha
  2139 | D:3      | Killed Natasha
  2140 | D:3      | Reached XP level 4. HP: 25/33 MP: 6/6
  2194 | D:3      | Noticed Natasha
  2230 | D:2      | Gained mutation: You are partially covered in iridescent
                  | scales. (AC +2) [potion of mutation]
  2230 | D:2      | Gained mutation: You are strong-willed. (Will+) [potion of
                  | mutation]
  2230 | D:2      | Slain by Natasha

Illustrated notes

Levels and vault maps discovered:
D:1:      psy_arrival_fountain, layout_basic, due_unseen_surprise
D:2:      layout_loops_corners, basic_altar
D:3:      layout_basic, nicolae_uskayaw_murder_on_the_dancefloor,
          marbit_many_paths, serial_shops, shop, uniq_grinder, uniq_natasha

Skill      XL: |  1  2  3 |
---------------+----------+-----
Dodging        | 3 |  3.5
Stealth        | 1 |  1.5
Fighting       | 2 |  2.1
Ranged Weapons | 2 |  2.0
Spellcasting   | |  1.6
Hexes          | |  3.3

Action                     |  1- 3 |  4- 6 || total
---------------------------+-------+-------++-------
   Fire: Sling             |   116 |    25 ||   141
   Cast: Slow              |    54 |    11 ||    65
    Use: Potion            |       |     1 ||     1
 Armour: Robe              |     8 |     2 ||    10
  Dodge: Dodged            |    54 |    12 ||    66

Table legend: (Time is in decaauts)
 A = Elapsed time spent in this place.
 B = Non-inter-level travel time spent in this place.
 C = Inter-level travel time spent in this place.
 D = Time resting spent in this place.
 E = Time spent auto-exploring this place.
 F = Levels seen in this place.
 G = Mean time per level.
                   A        B        C        D        E       F      G
               +--------+--------+--------+--------+--------+-----+--------+
         Total |   2273 |   2144 |    129 |      0 |   1732 |   3 |  757.7 |
       Dungeon |   2273 |   2144 |    129 |      0 |   1732 |   3 |  757.7 |
               +--------+--------+--------+--------+--------+-----+--------+

Top non-repeatable levels by time:
     D:2: 1098 daAuts
     D:1: 1070 daAuts
     D:3: 105 daAuts
